 Dungeon Crawl Stone Soup version 0.21.1-1-g345015fe64 (webtiles) character file.

137 Oravi the Slinger (level 5, -3/34 HPs)
             Began as a Halfling Hunter on Apr 20, 2018.
             Killed from afar by Dox's ghost (6 damage)
             ... with a magic dart
             ... on level 3 of the Dungeon.
             The game lasted 00:06:58 (2102 turns).

Oravi the Slinger (Halfling Hunter)                 Turns: 2102, Time: 00:06:59

Health: -3/34      AC:  4    Str: 18    XL:     5   Next: 43%
Magic:  14/14      EV: 16    Int:  9    God:
Gold:   161        SH:  0    Dex: 16    Spells: 4/4 levels left

rFire    . . .     SeeInvis .   a - +2 hunting sling
rCold    . . .     Gourm    .   (shield restricted)
rNeg     . . .     Faith    .   c - +1 leather armour
rPois    .         Spirit   .   (no helmet)
rElec    .         Reflect  .   (no cloak)
rCorr    .         Harm     .   (no gloves)
MR       .....                  (no boots)
Stlth    ++........             (no amulet)
HPRegen  0.11/turn              n - ring of magical power
MPRegen  0.14/turn              (no ring)

@: mighty, flying
A: small, mutation resistance 1
a: no special abilities


You were on level 3 of the Dungeon.
You were not hungry.

You visited 1 branch of the dungeon, and saw 3 of its levels.

You collected 161 gold pieces.

Inventory:

Hand Weapons
 a - a +2 hunting sling (weapon)
 b - a +0 short sword
Missiles
 g - 116 stones
 h - 5 sling bullets (quivered)
Armour
 c - a +1 leather armour (worn)
Jewellery
 n - a ring of magical power (left hand)
Scrolls
 e - a scroll of enchant armour
 j - a scroll of magic mapping
Potions
 i - 2 potions of haste
Comestibles
 f - 6 rations
 k - 8 chunks of flesh


   Skills:
 + Level 2.1 Fighting
 + Level 8.0 Slings
 + Level 0.9 Armour
 * Level 3.3 Dodging
 - Level 1.1 Stealth


You had 4 spell levels left.
You didn't know any spells.

Dungeon Overview and Level Annotations

Branches:
Dungeon (3/15)

Altars:
Kikubaaqudgha
Yredelemnul
The Shining One

Annotations:
D:2 1 runed door
D:3 Dox's ghost, amateur HuWz


Innate Abilities, Weirdness & Mutations

You are small and have problems with some larger weapons.
You are somewhat resistant to further mutation.


Message History

Press: ? - help, Shift-Dir - straight line, f/p - Dox's ghost
Aim: Dox's ghost You shoot a sling bullet.
The sling bullet hits Dox's ghost!
Dox's ghost is moderately damaged.
Dox's ghost hits you.
* * * LOW HITPOINT WARNING * * *
Firing (i - inventory. (,) - cycle):
h - 7 sling bullets (quivered)
Press: ? - help, Shift-Dir - straight line, f/p - Dox's ghost
Aim: Dox's ghost (moderately damaged)
You shoot a sling bullet. The sling bullet hits Dox's ghost!
Dox's ghost is heavily damaged.
Firing (i - inventory. (,) - cycle):
h - 6 sling bullets (quivered)
Press: ? - help, Shift-Dir - straight line, f/p - Dox's ghost
Aim: Dox's ghost (heavily damaged)
You shoot a sling bullet.
The sling bullet hits Dox's ghost but does no damage.
Dox's ghost is heavily damaged.
Dox's ghost casts a spell at you. The magic dart hits you!
You die...

########## #.# #.#
.........# #.# #.#
.....?...# ###.#######).
.........# .............
.........#######.#####.#.#
......†..'..# #.#####.#)#
...?.....##.####.........#
.........##.)............#
.......()@W..(#..#####.#.#
####.########.#..# #.#.#
#. #.#..# #.#.# # #.W..#
#.#.# ....## #.#.# #.#(.
#.#.# ...... ...... #..#
#..### .... ..##


You could see Dox's ghost.

Vanquished Creatures
  Terence (D:2)
  2 adders
  4 dart slugs
  3 leopard geckos
  4 orcs (D:3)
  4 giant cockroaches
  11 hobgoblins
  4 jackals
  2 quokkas
  A ball python (D:2)
  5 bats
  5 frilled lizards
  11 goblins
  7 kobolds
  11 rats
75 creatures vanquished.

Notes
Turn   | Place    | Note
-------+----------+-------------------------------------------
     0 | D:1      | Oravi the Halfling Hunter began the quest for the Orb.
     0 | D:1      | Reached XP level 1. HP: 14/14 MP: 1/1
    11 | D:1      | Reached skill level 6 in Slings
    41 | D:1      | Reached XP level 2. HP: 19/19 MP: 2/2
   287 | D:1      | Reached XP level 3. HP: 24/24 MP: 3/3
   705 | D:2      | Found a runed door.
   828 | D:2      | Reached skill level 7 in Slings
   857 | D:2      | Reached XP level 4. HP: 27/29 MP: 4/4
   968 | D:2      | Noticed Terence
  1018 | D:2      | Killed Terence
  1295 | D:2      | Reached XP level 5. HP: 34/34 MP: 5/5
  1625 | D:3      | Found an ancient bone altar of Kikubaaqudgha.
  1631 | D:3      | Noticed Dox's ghost (amateur HuWz)
  1662 | D:3      | Found a basalt altar of Yredelemnul.
  1668 | D:3      | Found a glowing golden altar of the Shining One.
  1670 | D:3      | Noticed an angel
  2017 | D:3      | Reached skill level 8 in Slings
  2102 | D:3      | Killed from afar by Dox's ghost

Skill      XL: |  1  2  3  4  5 |
---------------+----------------+-----
Slings         | 6 7 8 |  8.0
Dodging        | 3 |  3.3
Fighting       | 2 |  2.1
Armour         | |  0.9
Stealth        | |  1.1

Action                   |  1- 3 |  4- 6 || total
-------------------------+-------+-------++-------
 Fire: Hunting sling     |    92 |   134 ||   226
  Use: Scroll            |     3 |     4 ||     7
       Potion            |       |     7 ||     7
  Eat: Chunk             |       |     3 ||     3
Armor: Leather armour    |     6 |    10 ||    16
Dodge: Dodged            |     2 |    32 ||    34
